 Dungeon Crawl Stone Soup version 0.26.1-11-gd32895ea62 (webtiles) character file.

Game seed: 9866797360318140702

17 Descartes the Ducker (level 2, -5/14 HPs)
             Began as a Felid Chaos Knight on May 29, 2021.
             Was a Plaything of Xom.
             Slain by a gnoll (8 damage)
             ... on level 1 of the Dungeon.
             The game lasted 00:02:01 (834 turns).

Descartes the Ducker (Felid Chaos Knight)            Turns: 834, Time: 00:02:01

Health: -5/14      AC:  1    Str:  8    XL:     2   Next: 44%
Magic:  3/3        EV: 18    Int: 13    God:    Xom [..*...]
Gold:   63         SH:  0    Dex: 15    Spells: 1/1 levels left
                                        Lives:  0   Deaths: 0

rFire    . . .     SeeInvis +     - Unarmed
rCold    . . .     Faith    .   (shield unavailable)
rNeg     . . .     Spirit   .   (armour unavailable)
rPois    .         Reflect  .   (helmet unavailable)
rElec    .         Harm     .   (cloak unavailable)
rCorr    .         Rampage  .   (gloves unavailable)
Will     .....                  (boots unavailable)
Stlth    ++........             (no amulet)
HPRegen  0.04/turn              (no ring)
MPRegen  0.08/turn              (no ring)

@: quick
A: very small, no armour, no weapons or thrown items, stealth, claws 1, fangs 3,
see invisible, speed 1, shaggy fur 1, sharp paws
a: Renounce Religion


You were on level 1 of the Dungeon.
You worshipped Xom.
You were a toy of Xom.
You visited 1 branch of the dungeon, and saw 2 of its levels.

You collected 63 gold pieces.

Inventory:

Jewellery
 a - an uncursed amulet of reflection {unknown}
Scrolls
 c - 2 scrolls of fog {unknown}
 d - 2 scrolls of teleportation {unknown}
 f - a scroll of identify {unknown}
Potions
 b - a potion of magic {unknown}
 e - a potion of curing {unknown}


   Skills:
 + Level 3.1 Fighting
 + Level 3.4 Dodging
 * Level 1.6 Stealth
 * Level 3.3 Unarmed Combat


You had one spell level left.
You didn't know any spells.
Your spell library was empty.

Dungeon Overview and Level Annotations

Branches:
Dungeon (2/15)

Altars:


Innate Abilities, Weirdness & Mutations

You cannot wear armour.
You are incapable of wielding weapons or throwing items.
Your paws allow you to move quietly. (Stealth)
You have sharp claws.
You have razor-sharp teeth.
You have supernaturally acute eyesight. (SInv)
You cover ground quickly.
You are covered in fur. (AC +1)
Your sharp claws are effective at attacking unaware monsters.


Message History

There is a stone staircase leading up here.
The gnoll barely misses you. The gnoll closely misses you.
You climb upwards.
There is a stone staircase leading down here.
You closely miss the gnoll. The gnoll hits you!
Ouch! That really hurt!
You are too injured to fight recklessly!
You are too injured to fight recklessly!
You are too injured to fight recklessly!
You are too injured to fight recklessly!
You scratch the gnoll.
The gnoll is lightly wounded.
The gnoll hits you.
* * * LOW HITPOINT WARNING * * *
You scratch the gnoll but do no damage.
The gnoll is lightly wounded.
The gnoll hits you!
Ouch! That really hurt!
You die...
Xom chuckles heartily!

.##.##......#).# #.........#
###..######.(.## #.........#
# ##.# ##...# ##.........#
####.## #.#.######..<.......#
..##..##
#.#......#.....8....#
#......#
##.######........♣...#
####.#.####..# ####.........#
#
#...>.##.##########.........#
#
###.#.......g@..............#
#......####################
########


You could see a gnoll.

Vanquished Creatures
  A leopard gecko (D:1)
  A bat (D:1)
  A giant cockroach (D:1)
  2 goblins (D:1)
  2 hobgoblins (D:1)
  3 kobolds (D:1)
  A frilled lizard (D:1)
  3 rats (D:1)
14 creatures vanquished.

Notes
Turn   | Place    | Note
-------+----------+-------------------------------------------
     0 | D:1      | Descartes the Felid Chaos Knight began the quest for the
                  | Orb.
     0 | D:1      | Reached XP level 1. HP: 10/10 MP: 2/2
    66 | D:1      | Reached skill level 1 in Stealth
   310 | D:1      | XOM: divination: magic mapping
   365 | D:1      | Reached XP level 2. HP: 14/14 MP: 3/3
   513 | D:1      | XOM: butterfly on damage
   695 | D:1      | XOM: divination: detect creatures
   834 | D:1      | Slain by a gnoll

Illustrated notes

Levels and vault maps discovered:
D:1:      wander_arrival_lonely_grave, layout_rooms
D:2:      layout_rooms, general_overflow_altar, overflow_temple_1_default

Skill      XL: |  1 |
---------------+----+-----
Stealth        | 1 |  1.6
Fighting       | |  3.1
Dodging        | |  3.4
Unarmed Combat | |  3.3

Action                   || total
-------------------------++-------
Melee: Unarmed           ||    37
       Bite              ||     1
 Stab: Sleeping          ||     4
Armor: Skin              ||     1
Dodge: Dodged            ||    29
